[Event "Budapest IM-A ONE WEEK Feb 2024"]
[Site "Budapest"]
[Date "2024.02.28"]
[Round "5.4"]
[White "Fodor, Balazs"]
[Black "Ulasevich, Sergei"]
[Result "1/2-1/2"]
[ECO "E73"]
[WhiteElo "2215"]
[BlackElo "2261"]
[Annotator "TA"]
[PlyCount "56"]
[EventDate "2024.02.25"]
[EventType "tourn"]
[EventCountry "HUN"]
[SourceTitle "playchess.com"]
[Source "ChessBase"]
[SourceQuality "1"]
[TimeControl "5400+30"]

1. d4 Nf6 2. c4 g6 3. Nc3 Bg7 4. e4 d6 5. Be2 O-O 6. Be3 e5 7. d5 c5 (7... Na6 $14) 8. g4 $16 Ne8 9. h4 {[%emt 0:01:48] White is more active.} f5 {[%emt 0:01:39] White is better.} 10. gxf5 gxf5 11. exf5 Bxf5 12. h5 (12. Bg4 $142) 12... e4 13. Bg4 (13. Qd2 $16) 13... Qd7 ({Black should play} 13... Qc8 $11 14. Bxf5 Bxc3+ 15. bxc3 Qxf5) 14. Bxf5 $1 $14 Qxf5 (14... Bxc3+ $11 {remains equal.} 15. bxc3 Qxf5) 15. h6 (15. Nge2 $16) 15... Bxc3+ $15 16. bxc3 Nd7 {[%emt 0:00:04] White must now prevent ...Nef6.} 17. Rh5 $1 Qf7 $36 {[%emt 0:03:25][%mdl 2048] White is under pressure.} 18. Nh3 Ne5 {[%emt 0:10:28] Repels Qg4+} 19. Rxe5 dxe5 20. Qg4+ Kh8 21. O-O-O ({But not} 21. Bxc5 Qf5 22. Qh4 Rg8 $17) 21... b6 22. Qg3 ({Reject} 22. Qxe4 Qf5 23. Qh4 Rf6) (22. Ng5 $11 Qg6 23. Qd7 (23. Qxe4 Nd6 $11)) 22... Nd6 $17 23. Qxe5+ Qf6 24. Bf4 Rae8 (24... Nxc4 $17 25. Qxf6+ Rxf6) 25. Qxd6 $11 {[%emt 0:01:45] The position is equal.} Qxc3+ 26. Kb1 {[%emt 0:00:18][%cal Of4c1] [#] aiming for Bc1!} Qb4+ 27. Ka1 {[%emt 0:05:03] White threatens Be5+ and mate.} Qc3+ 28. Kb1 {[%emt 0:00:06][%cal Of4c1] Bc1! is the strong threat.} Qb4+ {[%emt 0:00:04] Weighted Error Value: White=0.20 (precise) /Black=0.18 (very precise) .  Mistake:       	White=4     	Black=3      OK:         	White=8     	Black=4      Best:        	---       	Black=5      Strong:       	White=2     	---} 1/2-1/2

[Event "Budapest IM-A ONE WEEK Feb 2024"]
[Site "Budapest"]
[Date "2024.02.29"]
[Round "6.1"]
[White "Meessen, Rudolf"]
[Black "Szeberenyi, Adam"]
[Result "1/2-1/2"]
[ECO "D00"]
[WhiteElo "2169"]
[BlackElo "2255"]
[Annotator "TA"]
[PlyCount "40"]
[EventDate "2024.02.25"]
[EventType "tourn"]
[EventCountry "HUN"]
[SourceTitle "playchess.com"]
[Source "ChessBase"]
[SourceQuality "1"]
[TimeControl "5400+30"]

1. d4 d5 2. Nc3 Nf6 3. Bf4 e6 4. e3 Bb4 5. Nge2 O-O 6. a3 Be7 7. Ng3 c5 8. dxc5 Bxc5 9. Bd3 Nc6 10. O-O Be7 11. h3 e5 12. Bg5 e4 13. Be2 Be6 14. Nb5 h6 15. Bxf6 Bxf6 16. c3 (16. c4 $1 $11) 16... Be5 $15 17. Nd4 Nxd4 18. cxd4 Bxg3 19. fxg3 Qg5 20. Kf2 Rad8 {[%emt 0:22:48] Weighted Error Value: White=0.14 (very precise) /Black=0.08 (flawless) .  Mistake:       	White=1     	---        Inaccurate:     	White=1     	Black=1      OK:         	White=6     	Black=4      Best:        	---       	Black=1} 1/2-1/2

[Event "Budapest IM-A ONE WEEK Feb 2024"]
[Site "Budapest"]
[Date "2024.02.29"]
[Round "6.2"]
[White "Ulasevich, Sergei"]
[Black "Jakab, Attila"]
[Result "0-1"]
[ECO "B22"]
[WhiteElo "2261"]
[BlackElo "2278"]
[Annotator "TA"]
[PlyCount "72"]
[EventDate "2024.02.25"]
[EventType "tourn"]
[EventCountry "HUN"]
[SourceTitle "playchess.com"]
[Source "ChessBase"]
[SourceQuality "1"]
[TimeControl "5400+30"]

1. e4 c5 2. c3 g6 3. d4 cxd4 4. cxd4 d5 5. e5 Nc6 6. Bb5 Bd7 7. Nc3 e6 8. Nf3 {[%emt 0:02:15] White has an edge.} Bg7 9. Bf4 Nge7 10. Qd2 O-O 11. h4 Qb6 12. h5 f6 (12... Be8 $16 {was necessary.}) 13. hxg6 $1 $18 Nxg6 14. Bh6 {[%emt 0:13:53] Threatens to win with Bxg7.} Bxh6 (14... Ncxe5 $2 15. dxe5 (15. Bxg7 Nxf3+ 16. gxf3 Rf7 $18) 15... Bxh6 16. Qxh6 $18) 15. Qxh6 (15. Rxh6 fxe5 16. Bxc6 bxc6 $14) 15... Rf7 16. Bd3 (16. Bxc6 Qxb2 17. Rc1 Bxc6 $14) 16... Qxb2 {[%emt 0:05:58] [#]} 17. Nd1 (17. Rc1 f5 $11) (17. Bxg6 $1 $18 Qxc3+ 18. Ke2 Qb2+ 19. Ke3 Qc3+ 20. Ke2 Qb2+ 21. Ke3 Qc3+ 22. Kf4 fxe5+ (22... hxg6 23. Qh8#) 23. Kg5 Rxf3 (23... hxg6 24. Qh8#) (23... Rg7 24. Qxg7+ Kxg7 25. Rxh7+ Kg8 26. Rah1) 24. Qxh7+ Kf8 25. gxf3 Qxf3 26. dxe5 (26. Qxd7 Qf4+ 27. Kh5 Qf3+ 28. Kh6 Qf6 $18) 26... Nxe5 27. Qh8+ Ke7 28. Qxe5 (28. Qxa8 $2 Qg4+ 29. Kh6 Qxg6#) 28... Qg2+ 29. Kh6 (29. Qg3 Qxg3+ 30. fxg3 a5 $18)) 17... Qb4+ $1 $11 (17... Qxa1 $2 18. Bxg6 $18) 18. Kf1 f5 $1 (18... Nxd4 $2 19. Nxd4 f5 (19... Qxd4 $2 20. Bxg6 Bb5+ 21. Kg1 $18) 20. Nf3 $18) 19. Ng5 $2 (19. Rb1 $11 Qa3 20. Be2 (20. Rb3 Qxa2 21. Rb1 Qa3 $15)) 19... Rg7 $19 20. Rb1 (20. Nxh7 $2 {too greedy.} Qxd4 21. Bxf5 exf5 $19 (21... Qxa1 $2 22. Nf6+ Kf7 23. Qxg7+ Kxg7 24. Rh7+ Kf8 25. Nxd7+ Ke8 26. Bxg6+ Kd8 27. Bh5 $19)) 20... Qd2 21. Be2 Nxd4 (21... Qxd4 22. Rxb7 Qxe5 23. Nxh7 $11) 22. Rb2 {[%emt 0:00:47] [#]} Qc1 ({Black should try} 22... Qf4 $1 $19 {Strongly threatening ...Nxe2.} 23. Rxb7 Nf8 (23... Nxe5 $2 24. Nxh7 Qxh6 25. Rxh6 $19) (23... Qxe5 $2 24. Bd3 $19)) 23. Rxb7 $2 {[%emt 0:02:55][%mdl 8192] This move loses the game for White.} (23. Nxh7 $15 Qxh6 24. Nf6+ Kf8 25. Rxh6) 23... Nxe2 24. Kxe2 Qc2+ 25. Kf3 Nxe5+ 26. Kg3 f4+ 27. Kh4 Qf5 28. f3 {[%emt 0:00:35] Inhibits Qg4+.} Kh8 29. Nf2 Rag8 30. Nfh3 Nf7 31. Nxf7+ Rxf7 32. Rc1 (32. Qxf4 $19 Qxf4+ 33. Nxf4 Rxf4+ 34. g4) 32... e5 {[%emt 0:01:13][%cal Og8g4] ( -> ...Rg4+!)} 33. Nf2 Qf6+ {[%emt 0:01:49] Black mates.} 34. Kh5 Qxh6+ 35. Kxh6 Rf6+ (35... Rxg2 36. Ng4 Rxg4 (36... Rxa2 37. Rb8+) 37. fxg4 $11) 36. Kh5 Be8+ {[%emt 0:00:03] Weighted Error Value: White=1.07/Black=0.87.  Loses game:     	White=2     	---        Missed win:     	White=1     	Black=1      Mistake:       	---       	Black=1      Inaccurate:     	White=2     	Black=2      OK:         	White=3     	Black=3      Best:        	White=2     	Black=3      Strong:       	White=1     	Black=2} 0-1

[Event "Budapest IM-A ONE WEEK Feb 2024"]
[Site "Budapest"]
[Date "2024.02.29"]
[Round "6.3"]
[White "Toth-Goczo, Melinda"]
[Black "Fodor, Balazs"]
[Result "1-0"]
[ECO "D35"]
[WhiteElo "2201"]
[BlackElo "2215"]
[Annotator "RC"]
[PlyCount "87"]
[EventDate "2024.02.25"]
[EventType "tourn"]
[EventCountry "HUN"]
[SourceTitle "playchess.com"]
[Source "ChessBase"]
[SourceQuality "1"]
[TimeControl "5400+30"]

1. d4 Nf6 2. c4 e6 3. Nc3 d5 4. cxd5 exd5 5. Bf4 Bd6 6. Bg3 O-O 7. e3 c6 8. Bd3 Re8 9. Qc2 h6 10. Nf3 Bxg3 11. hxg3 Nbd7 12. O-O Qe7 13. Nd2 Nf8 14. Rab1 Ne6 15. b4 a6 16. a4 Ng4 17. Rfe1 b5 18. Nf3 Nf6 19. Ne5 Bb7 20. f4 a5 21. axb5 cxb5 22. bxa5 Rec8 23. Qb2 Ne8 24. Nxb5 Ba6 25. Rec1 f6 26. Ng6 Qd7 27. Qe2 Rab8 28. Nc3 Rxc3 29. Bxa6 Qc7 30. Qd2 Rxb1 31. Rxb1 Rc2 32. Qe1 Ra2 33. Bb7 Rxa5 34. Ne7+ Kh8 35. Bxd5 Nf8 36. Rb7 Qd8 37. Nc6 Qxd5 38. Nxa5 Nd6 39. Rb8 Kg8 40. Qb4 Kh7 41. Rxf8 Nf5 42. Qb1 h5 43. Nc4 Kg6 44. Rc8 1-0

[Event "Budapest IM-A ONE WEEK Feb 2024"]
[Site "Budapest"]
[Date "2024.02.29"]
[Round "6.4"]
[White "Horvath, David"]
[Black "Foldes, Marton Gabor"]
[Result "1/2-1/2"]
[ECO "A16"]
[WhiteElo "2330"]
[BlackElo "2119"]
[Annotator "TA"]
[PlyCount "67"]
[EventDate "2024.02.25"]
[EventType "tourn"]
[EventCountry "HUN"]
[SourceTitle "playchess.com"]
[Source "ChessBase"]
[SourceQuality "1"]
[TimeControl "5400+30"]

1. c4 Nf6 2. Nc3 c5 3. Nf3 e6 4. g3 b6 5. Bg2 Bb7 6. O-O d6 7. d4 cxd4 8. Qxd4 Nc6 9. Qf4 Ne7 {[%emt 0:05:38] Weiß steht etwas besser.} 10. Rd1 Ng6 11. Qd4 Be7 12. Nb5 d5 13. cxd5 exd5 14. b3 {[%emt 0:14:04] Weiß hat aktiveres Spiel. Die schwarzen Türme stehen passiv.} O-O 15. Ba3 {[%emt 0:04:03] Pariert Bc5.} Bxa3 16. Nxa3 Qe7 17. Qb2 Ne4 18. Nb5 a6 19. Nbd4 Qf6 {[%emt 0:00:41] Wehrt Nf5 ab} 20. Rac1 Rac8 21. Bh3 Rc5 22. e3 Bc8 23. Bg2 h5 24. Ne1 (24. b4 {vereinfacht} Rc4 25. a4 Re8 26. Rxc4 dxc4 27. Qc2) 24... Ne5 25. b4 Rxc1 (25... Rc4 {vereinfacht} 26. Bxe4 dxe4 27. Rxc4 Nxc4 28. Qc2 Bg4) 26. Rxc1 h4 27. Rc2 Bd7 {[%emt 0:03:28] Lässt Nc6 nicht zu} 28. Qb3 {[%emt 0:03:16] Verhindert Ba4} (28. Ndf3 {vereinfacht} Nxf3+ 29. Bxf3 hxg3 30. hxg3 Qxb2 31. Rxb2 Rc8 32. Nc2) 28... Qd6 29. a3 ({Vorzuziehen ist} 29. gxh4 $11 a5 30. a3) 29... b5 (29... hxg3 $15 30. hxg3 Ng4) 30. Nef3 hxg3 $1 31. hxg3 Nc4 32. Ne2 Bg4 {[%emt 0:00:39] Weiss muss nun ...Bxf3 beachten.} 33. Ned4 Re8 34. Rc1 {[%emt 0:00:38] Gewichteter Fehlerwert: Weiß=0.12 (sehr präzise) /Schwarz=0.07 (makellos) .  Fehler:       	Weiß=2     	Schwarz=1     Ungenau:       	Weiß=4     	Schwarz=3     OK:         	Weiß=9     	Schwarz=9     Bester:       	---       	Schwarz=2     Stark:        	---       	Schwarz=1} (34. Qa2 $11 {hält das Gleichgewicht.}) 1/2-1/2

[Event "Budapest IM-A ONE WEEK Feb 2024"]
[Site "Budapest"]
[Date "2024.02.29"]
[Round "6.5"]
[White "Papp, Sarah"]
[Black "Dudognon, Thibault"]
[Result "1/2-1/2"]
[ECO "B90"]
[WhiteElo "2279"]
[BlackElo "2388"]
[Annotator "TA"]
[PlyCount "99"]
[EventDate "2024.02.25"]
[EventType "tourn"]
[EventCountry "HUN"]
[SourceTitle "playchess.com"]
[Source "ChessBase"]
[SourceQuality "1"]
[TimeControl "5400+30"]

1. e4 c5 2. Nf3 d6 3. d4 cxd4 4. Nxd4 Nf6 5. Nc3 a6 6. h3 e6 7. g4 Nfd7 {[%emt 0:00:07] B81: Sicilian Scheveningen: Keres Attack.} 8. Bg2 {[%emt 0:02:25] 8.Bg2 has lost popularity.} Be7 9. Be3 Nc6 10. O-O O-O 11. a4 Nde5 12. Qe2 {[%emt 0:03:10] is the legacy move (12.b3).} Nxd4 13. Bxd4 Ng6 14. Be3 Nh4 $146 ({Predecessor:} 14... e5 15. Qd2 Be6 16. a5 Rc8 17. Na4 h6 18. b3 Bg5 19. c4 Bf4 20. Nc3 h5 {½-½ Gazik,V (2418)-Levin,E (2514) St Petersburg NFD Cup final-A 2016 (7)}) 15. Bh1 g5 (15... Bd7 $11) 16. Qd2 $14 Ng6 17. Rad1 Bd7 18. b3 b5 19. axb5 axb5 20. Ne2 Ra2 21. Ra1 Rxa1 22. Rxa1 Ne5 23. Nd4 f6 24. Ra7 Qe8 25. Bg2 h5 26. Qe2 ({White should play} 26. gxh5 $16 Qxh5 27. Nxb5) 26... hxg4 $1 $11 27. hxg4 Rf7 28. Bf1 Rh7 29. c3 Bf8 30. f3 Qg6 (30... Qc8 $15) 31. Qg2 (31. Nxb5 $2 Bxb5 32. Qxb5 Nxf3+ 33. Kf2 Ne5 (33... Qxe4 34. Rxh7 Ne5 35. Rh3 $18) 34. Rxh7 Nxg4+ (34... Kxh7 35. Qb7+ Kg8 36. Be2 $11) (34... Qxh7 35. Bd4 $19) 35. Kg1 Qxh7 $17) 31... Qe8 32. Qa2 Qc8 33. Qa5 (33. Bxb5 Qxc3 34. Qf2 Bxb5 35. Rxh7 Kxh7 $11) 33... Qe8 34. Ra8 (34. Nxb5 $2 Nxf3+ 35. Kg2 Ne5 $19) 34... Qg6 $1 35. Qa2 $2 {[%emt 0:00:25] [#]} (35. Bxb5 $2 Qh6 36. Kf1 Qh1+ 37. Bg1 Rh2 $19 (37... Nxf3 38. Rxf8+ Kg7 39. Rg8+ Kf7 40. Rf8+ Kg7 41. Rg8+ Kf7 42. Rf8+ Kg6 43. Rg8+ Kf7 $11) (37... Nxf3 38. Rxf8+ Kg7 39. Rg8+ Kf7 40. Rf8+ Kg7 41. Rg8+ Kf7 42. Rf8+ Kg7 $11)) (35. Bg2 $11 {and White is okay.}) 35... Qh6 $2 (35... Nxf3+ $1 $19 36. Nxf3 Qxe4 37. Rxf8+ (37. Kf2 $2 Bc6 $19) 37... Kxf8) 36. Qg2 $14 (36. Bxb5 Qh1+ 37. Kf2 Rh2+ 38. Kg3 Rg2+ 39. Qxg2 Qh4#) 36... Ng6 37. Kf2 (37. Bxb5 Bxb5 38. Nxb5 Nh4) (37. Nxb5 $2 {is the wrong capture.} Nh4 38. Qg3 Nxf3+ 39. Kf2 Bxb5 $19) 37... Nf4 38. Bxf4 gxf4 39. Kg1 ({But not} 39. Nxb5 Qh4+ 40. Kg1 Bxb5 41. Bxb5 Qe1+ 42. Qf1 Qd2 $11) (39. Ke1 $1 $14) 39... Qh4 $11 40. Nxb5 Bxb5 41. Bxb5 Qe1+ 42. Qf1 $1 Qxc3 43. Bc4 Qd4+ 44. Kg2 d5 45. exd5 exd5 46. Qd3 Qb2+ 47. Qe2 Qxe2+ 48. Bxe2 Rb7 49. Rd8 Rxb3 50. Rxd5 1/2-1/2

[Event "Budapest IM-A ONE WEEK Feb 2024"]
[Site "Budapest"]
[Date "2024.03.01"]
[Round "7.1"]
[White "Dudognon, Thibault"]
[Black "Meessen, Rudolf"]
[Result "1-0"]
[ECO "C07"]
[WhiteElo "2388"]
[BlackElo "2169"]
[Annotator "TA"]
[PlyCount "79"]
[EventDate "2024.02.25"]
[EventType "tourn"]
[EventCountry "HUN"]
[SourceTitle "playchess.com"]
[Source "ChessBase"]
[SourceQuality "1"]
[TimeControl "5400+30"]

1. e4 e6 2. d4 d5 3. Nd2 c5 4. exd5 Qxd5 5. Ngf3 cxd4 6. Bc4 Qd7 7. O-O {[%emt 0:00:57][%mdl 1024] Weiss hat Kompensation.} Nc6 8. Re1 a6 {[%emt 0:03:18] Die Stellung ist ausgeglichen.} 9. Nb3 b5 10. Be2 Bb7 11. Nbxd4 Rd8 12. c3 Nf6 13. Nxc6 Qxc6 14. Qb3 Bc5 15. Bf1 (15. a4 $15) 15... Qb6 16. Be3 Bxf3 17. gxf3 O-O 18. c4 {[%emt 0:06:27] Lässt Rd5 nicht zu} b4 19. Rad1 Rxd1 20. Rxd1 Rc8 21. Qd3 h6 22. b3 Qa5 23. Rd2 Qc7 24. Bg2 a5 25. f4 Ng4 {[%emt 0:01:02] [#] ...Nxe3 wäre nun fies.} 26. Bxc5 Qxc5 27. Be4 (27. h3 $5 Nf6 $8 28. Bf3 $11) 27... Nf6 28. Bf3 g6 29. Qd4 Kg7 30. Qe5 (30. Qxc5 {vereinfacht} Rxc5 31. Kg2 Rf5 32. Kg3) 30... Rc7 31. Qe3 (31. Qxc5 {vereinfacht} Rxc5 32. Kg2 Rf5 33. Kg3) 31... Qf5 32. Kg2 h5 33. h3 Kh7 ({Besser ist} 33... Rc8 $11) 34. Rd8 $1 $14 Rc5 35. Qd4 {[%emt 0:03:35] Weiß steht aktiver.} g5 {[%emt 0:00:03] [#] Danach kann Schwarz die Partie nicht mehr halten.} (35... Rc7 $1 $14) 36. Be2 $1 $18 {[%emt 0:02:54] Und Bd3 würde nun gewinnen.} e5 $2 (36... gxf4 $2 {ist das falsche Schlagen.} 37. Bd3 $18) (36... Qe4+ 37. Qxe4+ Nxe4) 37. Qxc5 {[%emt 0:00:31] Weiss will mit Bd3 Matt setzen. Weiß steht klar auf Gewinn.} Qxf4 38. Qe3 e4 39. Qxf4 gxf4 40. f3 {[%emt 0:00:19] Gewichteter Fehlerwert: Weiß=0.09 (makellos) /Schwarz=0.19 (sehr präzise) .  Fehler:       	Weiß=1     	Schwarz=3     Ungenau:       	Weiß=3     	Schwarz=2     OK:         	Weiß=10    	Schwarz=9     Bester:       	Weiß=1     	---        Stark:        	Weiß=2     	---} 1-0

[Event "Budapest IM-A ONE WEEK Feb 2024"]
[Site "Budapest"]
[Date "2024.03.01"]
[Round "7.2"]
[White "Foldes, Marton Gabor"]
[Black "Papp, Sarah"]
[Result "0-1"]
[ECO "B11"]
[WhiteElo "2119"]
[BlackElo "2279"]
[Annotator "TA"]
[PlyCount "108"]
[EventDate "2024.02.25"]
[EventType "tourn"]
[EventCountry "HUN"]
[SourceTitle "playchess.com"]
[Source "ChessBase"]
[SourceQuality "1"]
[TimeControl "5400+30"]

1. e4 c6 2. Nf3 d5 3. Nc3 Bg4 4. h3 Bxf3 5. Qxf3 e6 6. Be2 d4 7. Nb1 c5 8. O-O Nc6 {[%emt 0:00:09] White is slightly better.} 9. Qg3 Nf6 10. d3 g6 11. f4 Qc7 12. Nd2 O-O-O 13. c4 (13. Qe1 $14) 13... h5 (13... Nd7 $11) 14. e5 $16 h4 15. Qe1 Ne8 16. Ne4 Ng7 17. a3 Nf5 18. Bf3 Qb6 {[%emt 0:11:19] [#]} (18... Ne3 $16) 19. b4 $1 $18 cxb4 {[%emt 0:03:36] [#]} 20. c5 $2 Bxc5 $11 21. Nxc5 Qxc5 22. axb4 Qb5 (22... Qxb4 $2 {perishes.} 23. Bd2 Qb6 24. Bxc6 bxc6 (24... Qxc6 $2 {loses.} 25. Rc1 $18) 25. Ba5 $18) (22... Nxb4 $2 23. Ba3 Qb5 (23... a5 $2 24. Rc1 $18) 24. Bxb4 $18 (24. Qxb4 Rd5 $18)) 23. Bxc6 Qxc6 24. Rxa7 Kd7 {[%emt 0:05:43] Hoping for ...Ra8.} 25. Ra5 {[%emt 0:04:03] [#]} (25. Bb2 $11) 25... Ra8 $1 $17 26. Rc5 Qb6 {[%emt 0:00:51] And now ...Rhc8 would win. Black is more active.} 27. Bb2 (27. Bd2 $17 {was the only chance.}) 27... Rhc8 $19 28. Rxc8 Rxc8 29. Qd2 Qb5 30. Rc1 Rxc1+ 31. Bxc1 {[%emt 0:00:01][%mdl 4096] Endgame. KQB-KQN} Ne3 32. Bb2 {[%emt 0:00:59] [#]} Nd5 $1 33. Bxd4 Qxb4 34. Qf2 Qb1+ 35. Kh2 Qxd3 36. Bc5 (36. Qb2 $142 b5 (36... Nxf4 37. Qxb7+ Kd8 38. Bb6+ Ke8 39. Qc8+ Ke7 40. Bc5+) 37. Qa1) 36... Qe4 37. g3 (37. Qxh4 {was necessary.} Qxf4+ (37... Nxf4 38. Qe7+ Kc8 39. Qf8+ Kc7 40. Qe7+ Kc8 41. Qf8+ Kd7 42. Qd6+ Kc8 43. Qf8+ $11) 38. Qxf4 Nxf4 39. Bd6) 37... hxg3+ 38. Kxg3 Kc6 {[%emt 0:01:11][%cal Oe4f4] Strongly threatening ...Qxf4+!} 39. Bd4 b5 40. Ba7 Qc4 {[%emt 0:00:44] Against Qc5+} 41. Kg4 b4 42. Bd4 Kb5 43. Qb2 Qd3 44. Qa1 Qe2+ 45. Kg3 b3 46. Qa7 {[%emt 0:00:36] Wards off Ne7} Qe1+ 47. Kg4 Qd1+ 48. Kg3 Kc4 49. Qc5+ Kd3 50. Bf2 Qc2 {[%emt 0:01:55] ( -> ...Qxc5)} 51. Qd4+ Ke2 {[%emt 0:00:06] Black mates.} 52. f5 Qd3+ 53. Kg2 Qxd4 54. Bxd4 exf5 {[%emt 0:00:11] What a bad dream for White.   Weighted Error Value: White=0.78/Black=0.25 (precise) .  Mistake:       	White=6     	Black=2      Inaccurate:     	White=3     	Black=2      OK:         	White=13    	Black=18     Best:        	White=4     	Black=1      Strong:       	---       	Black=1} 0-1

[Event "Budapest IM-A ONE WEEK Feb 2024"]
[Site "Budapest"]
[Date "2024.03.01"]
[Round "7.3"]
[White "Fodor, Balazs"]
[Black "Horvath, David"]
[Result "1/2-1/2"]
[ECO "E16"]
[WhiteElo "2215"]
[BlackElo "2330"]
[Annotator "TA"]
[PlyCount "25"]
[EventDate "2024.02.25"]
[EventType "tourn"]
[EventCountry "HUN"]
[SourceTitle "playchess.com"]
[Source "ChessBase"]
[SourceQuality "1"]
[TimeControl "5400+30"]

1. d4 Nf6 2. c4 e6 3. Nf3 Bb4+ 4. Bd2 Qe7 5. g3 Nc6 6. Bg2 Bxd2+ 7. Qxd2 Ne4 8. Qc2 Qb4+ 9. Nc3 (9. Kf1 $5) 9... Nxc3 10. bxc3 Qe7 11. c5 d6 12. cxd6 cxd6 13. O-O {[%emt 0:08:51] An uneventful encounter.   Weighted Error Value: White=0.14 (very precise) /Black=0.14 (very precise) .  Inaccurate:     	White=1     	Black=1      OK:         	White=1     	---        Best:        	---       	Black=1} 1/2-1/2

[Event "Budapest IM-A ONE WEEK Feb 2024"]
[Site "Budapest"]
[Date "2024.03.01"]
[Round "7.5"]
[White "Szeberenyi, Adam"]
[Black "Ulasevich, Sergei"]
[Result "1/2-1/2"]
[ECO "E94"]
[WhiteElo "2255"]
[BlackElo "2261"]
[Annotator "TA"]
[PlyCount "24"]
[EventDate "2024.02.25"]
[EventType "tourn"]
[EventCountry "HUN"]
[SourceTitle "playchess.com"]
[Source "ChessBase"]
[SourceQuality "1"]
[TimeControl "5400+30"]

1. d4 Nf6 2. Nf3 g6 3. c4 Bg7 4. Nc3 O-O 5. e4 d6 6. Be2 e5 7. O-O Na6 8. Be3 Qe7 {[%emt 0:00:30][%cal Of6e4] [#]} 9. dxe5 ({Better is} 9. d5 $1 $16) 9... dxe5 $11 10. Nd5 Qd8 11. Nxf6+ ({Weaker is} 11. Nxe5 Nxd5 (11... Nxe4 12. Nd3 $15) 12. cxd5 Bxe5 $17) 11... Bxf6 12. c5 Qxd1 {[%emt 0:00:17] White did not feel at home in the position after the opening.   Weighted Error Value: White=0.23 (precise) /Black=0.16 (very precise) .  OK:         	White=2     	Black=2} 1/2-1/2

[Event "Budapest IM-A ONE WEEK Feb 2024"]
[Site "Budapest"]
[Date "2024.03.01"]
[Round "8.1"]
[White "Meessen, Rudolf"]
[Black "Ulasevich, Sergei"]
[Result "0-1"]
[ECO "A45"]
[WhiteElo "2169"]
[BlackElo "2261"]
[Annotator "TA"]
[PlyCount "106"]
[EventDate "2024.02.25"]
[EventType "tourn"]
[EventCountry "HUN"]
[SourceTitle "playchess.com"]
[Source "ChessBase"]
[SourceQuality "1"]
[TimeControl "5400+30"]

1. d4 Nf6 2. Nc3 d5 3. Bf4 g6 4. e3 Bg7 5. h4 h5 6. Nf3 O-O 7. Ne5 c5 8. Qd2 {[%emt 0:00:09] The position is equal.} Nc6 9. f3 cxd4 10. exd4 Nd7 11. O-O-O (11. Nxd5 $11 Ndb8 12. c4) 11... Ndxe5 $15 12. dxe5 d4 13. Nb5 Bf5 {[%emt 0:15:09] Threatens to win with ...Rc8.} 14. Nxd4 Nxd4 15. Qxd4 Qa5 16. Bc4 $2 {[%emt 0:06:10] [#]} (16. Qd5 $11 {and White stays safe.} Qa4 17. Qc4 Bxc2 18. Qxa4 Bxa4 19. b3) 16... Rac8 $1 $19 17. Bb3 {[%emt 0:00:54] [#]} Bxc2 18. Bxc2 {[%emt 0:00:18] And now Kb1 would win.} Qxa2 $40 {[%emt 0:00:12][%mdl 128] Black has strong attack.} 19. Be3 (19. Rhe1 $142 Rc4 20. Qd3 (20. Qd5 $2 Rxc2+ 21. Kxc2 Rc8+ 22. Kd3 Qxd5+ $19) 20... Rxf4 21. Qa3 Qxa3 22. bxa3) 19... Rc4 20. Qxa7 Qb3 21. Rd2 {[%emt 0:03:31] Black must now prevent Kb1.} Rfc8 $1 (21... Bxe5 22. Qa3 Bxb2+ 23. Qxb2 $11) 22. Kb1 Rxc2 23. Qa3 Qc4 24. Rxc2 Qxc2+ 25. Ka2 Qxg2 26. Rc1 Rxc1 27. Bxc1 {[%emt 0:00:02][%mdl 4096] Endgame. KQB-KQB} Qc2 ({Don't take} 27... Bxe5 28. Qxe7 Qe2 29. Qxb7) 28. Bg5 Bxe5 29. Qa8+ Kg7 30. Qxb7 e6 31. Be7 Qa4+ 32. Kb1 Qd4 33. Ka2 Qa4+ 34. Kb1 Bg3 35. b3 Qf4 36. Qa8 Qf5+ ({And not} 36... Bxh4 37. Qf8+ Kh7 38. Bxh4 $11) 37. Ka2 Kh7 38. Qe4 (38. Ka3) 38... Qa5+ 39. Ba3 Qd5 ({Less strong is} 39... Qa7 40. Kb2 $19) 40. Qxd5 (40. Be7) 40... exd5 {[%emt 0:00:01] KB-KB} 41. Be7 Kg7 {[%emt 0:00:05] ...f6 is the strong threat.} 42. b4 f6 {[%emt 0:00:16][%cal Og6g5] ...g5! would now be deadly.} 43. Bd8 {[%emt 0:02:27] [#]} g5 $1 44. hxg5 h4 {[%emt 0:00:03] ( -> ...h3)} 45. gxf6+ Kf7 {[%emt 0:00:05] Black mates.} 46. Bb6 h3 47. Bg1 h2 48. Bxh2 Bxh2 49. Kb3 Kxf6 {[%emt 0:00:21] KB-KPP} 50. Kc3 Bg1 51. b5 Ke5 52. Kd3 Kf4 53. Ke2 Bb6 {[%emt 0:00:06] Weighted Error Value: White=0.56/Black=0.19 (very precise) .  Loses game:     	White=1     	---        Mistake:       	White=4     	---        Inaccurate:     	---       	Black=3      OK:         	White=15    	Black=15     Best:        	White=4     	Black=2      Strong:       	---       	Black=2      Brilliant:      	---       	Black=1} 0-1

[Event "Budapest IM-A ONE WEEK Feb 2024"]
[Site "Budapest"]
[Date "2024.03.01"]
[Round "8.2"]
[White "Toth-Goczo, Melinda"]
[Black "Szeberenyi, Adam"]
[Result "1/2-1/2"]
[ECO "D02"]
[WhiteElo "2201"]
[BlackElo "2255"]
[Annotator "TA"]
[PlyCount "27"]
[EventDate "2024.02.25"]
[EventType "tourn"]
[EventCountry "HUN"]
[SourceTitle "playchess.com"]
[Source "ChessBase"]
[SourceQuality "1"]
[TimeControl "5400+30"]

1. d4 d5 2. Nf3 Nf6 3. c4 e6 4. cxd5 exd5 5. Bg5 Bb4+ 6. Nc3 h6 7. Bxf6 Qxf6 8. Qa4+ Nc6 9. e3 O-O 10. Bb5 {[%emt 0:02:49] The position is equal.} Bxc3+ 11. bxc3 Ne7 12. Bd3 Bf5 13. Bxf5 Nxf5 14. O-O {[%emt 0:00:42] Not much happened in this game.   Weighted Error Value: White=0.13 (very precise) /Black=0.00 (flawless) .  OK:         	---       	Black=2} 1/2-1/2